 Dungeon Crawl Stone Soup version 0.21-a0-95-g06f091e (webtiles) character file.

62023 MatthieuS the Spry (level 15, -5/127 HPs)
             Began as a Merfolk Gladiator on July 4, 2017.
             Was the Champion of Makhleb.
             Slain by an ogre
             ... wielding a +0 giant spiked club
             ... led by an orc warlord
              (29 damage)
             ... while paralysed by an orc sorcerer
             ... on level 1 of the Orcish Mines.
             The game lasted 01:41:26 (22893 turns).

MatthieuS the Spry (Merfolk Gladiator)             Turns: 22893, Time: 01:41:27

Health: -5/127     AC: 15    Str: 19    XL:     15   Next: 4%
Magic:  7/7        EV:  2    Int: 14    God:    Makhleb [******]
Gold:   1631       SH:  0    Dex: 18    Spells: 17/25 levels left

rFire    . . .     SeeInvis .   a - +7 trident "Asmibrut" {antimagic, Int+4}
rCold    + + .     Gourm    .   K - +1 buckler
rNeg     . . .     Faith    .   w - +2 leather armour {rC+}
rPois    +         Spirit   .   c - +0 helmet
rElec    .         Reflect  .   U - +2 cloak
rCorr    .         Harm     .   v - +0 pair of gloves
MR       +....     Clarity  +   (no boots)
Stlth    +.........             o - amulet of regeneration
HPRegen  0.71/turn              A - ring of poison resistance
MPRegen  0.10/turn              l - +3 ring of dexterity

@: paralysed, drained
A: change form in water, swift swim, stealthy swim, fangs 1, molten scales 1,
yellow scales 1, clarity, cold resistance 1
a: Minor Destruction, Lesser Servant of Makhleb, Major Destruction, Greater
Servant of Makhleb, Renounce Religion


You were on level 1 of the Orcish Mines.
You worshipped Makhleb.
Makhleb was exalted by your worship.
You were not hungry.

You visited 4 branches of the dungeon, and saw 21 of its levels.
You also visited: Ice Cave.

You collected 1631 gold pieces.

Inventory:

Hand Weapons
 a - the +7 trident "Asmibrut" (weapon) {antimagic, Int+4}
   (You found it on level 7 of the Dungeon)

   It reduces the magical energy of the wielder, and disrupts the spells and
   magical abilities of those hit.
   Natural abilities and divine invocations are not affected.
   It affects your intelligence (+4).
Missiles
 i - 18 javelins
 r - 6 throwing nets (quivered)
Armour
 c - a +0 helmet (worn)
 v - a +0 pair of gloves (worn)
 w - a +2 leather armour of cold resistance (worn)
 C - the -3 helmet "Cuno Tody" {rElec Slay-5 SInv}
   (You found it on level 6 of the Dungeon)

   It affects your accuracy and damage with ranged weapons and melee attacks
   (-5).
   It insulates you from electricity.
   It lets you see invisible.
 K - a +1 buckler (worn)
 U - a +2 cloak (worn)
Jewellery
 l - a +3 ring of dexterity (right hand)
 o - an amulet of regeneration (around neck)
 x - an uncursed ring of ice
 A - a ring of poison resistance (left hand)
 Y - an uncursed amulet of the gourmand
Wands
 d - a wand of confusion (13/48)
 k - a wand of lightning (4/15)
 G - a wand of random effects (28/48)
 I - a wand of flame (31/48)
 L - a wand of polymorph (11/24)
 N - a wand of clouds (6/9)
 O - a wand of flame (33/48)
 P - a wand of acid (6/15)
 R - a wand of iceblast (4/15)
Scrolls
 h - 10 scrolls of remove curse
 p - a scroll of fear
 q - 9 scrolls of amnesia
 s - 3 scrolls of enchant weapon
 y - 5 scrolls of identify
 J - a scroll of recharging
 W - 2 scrolls of fog
Potions
 e - 7 potions of curing
 u - a potion of brilliance
 E - 3 potions of mutation
 H - a potion of agility
 V - a potion of heal wounds
 X - a potion of cancellation
 Z - 2 potions of haste
Books
 g - a book of Air

   Spells                             Type                      Level
   a - Shock                          Conjuration/Air              1
   b - Swiftness                      Charms/Air                   2
   c - Static Discharge               Conjuration/Air              3
   d - Airstrike                      Air                          4
   e - Lightning Bolt                 Conjuration/Air              5
 t - a book of Frost

   Spells                             Type                      Level
   a - Freeze                         Ice                          1
   b - Throw Frost                    Conjuration/Ice              2
   c - Ozocubu's Armour               Charms/Ice                   3
   d - Throw Icicle                   Conjuration/Ice              4
   e - Summon Ice Beast               Ice/Summoning                4
 B - a book of Misfortune

   Spells                             Type                      Level
   a - Confusing Touch                Hexes                        1
   b - Confuse                        Hexes                        3
   c - Gell's Gravitas                Translocation                3
   d - Petrify                        Transmutation/Earth          4
   e - Metabolic Englaciation         Hexes/Ice                    5
   f - Yara's Violent Unravelling     Hexes/Transmutation          5
 F - a book of Minor Magic

   Spells                             Type                      Level
   a - Magic Dart                     Conjuration                  1
   b - Blink                          Translocation                2
   c - Call Imp                       Summoning                    2
   d - Slow                           Hexes                        2
   e - Conjure Flame                  Conjuration/Fire             3
   f - Mephitic Cloud                 Conjuration/Poison/Air       3
 M - a book of Ice

   Spells                             Type                      Level
   a - Ice Form                       Ice/Transmutation            4
   b - Metabolic Englaciation         Hexes/Ice                    5
   c - Ozocubu's Refrigeration        Ice                          6
   d - Bolt of Cold                   Conjuration/Ice              6
   e - Freezing Cloud                 Conjuration/Ice/Air          6
   f - Simulacrum                     Ice/Necromancy               6
Miscellaneous
 z - a phantom mirror
 D - a lamp of fire
Comestibles
 b - 2 royal jellies
 f - 11 bread rations
 j - 7 meat rations
 m - 17 fruits
 n - 13 chunks of flesh


   Skills:
 + Level 14.6(14.4) Fighting
 + Level 15.5(15.2) Polearms
 - Level 2.0(1.8) Throwing
 - Level 4.0(3.8) Armour
 * Level 17.6(17.3) Dodging
 - Level 5.0(4.7) Shields
 - Level 5.5(5.3) Spellcasting
 - Level 8.0(7.7) Hexes
 - Level 4.0(3.8) Ice Magic
 + Level 2.5(2.3) Invocations


You had 17 spell levels left.
You knew the following spells:

 Your Spells              Type           Power        Failure   Level  Hunger
a - Confuse               Hex            ####....     2%          3    ###....
b - Metabolic Englaciati  Hex/Ice        ###.......   45%         5    ######.


Dungeon Overview and Level Annotations

Branches:
Dungeon (13/15)            Temple (1/1) D:7            Lair (6/6) D:11
 Shoals (0/4) Lair:3       Spider (0/4) Lair:2        Slime (0/5) Lair:6
    Orc (1/2) D:9
 Vaults: D:13-14

Altars:
Ashenzari
Cheibriados
Dithmenos
Elyvilon
Fedhas
Gozag
Hepliaklqana
Kikubaaqudgha
Makhleb
Nemelex Xobeh
Okawaru
Qazlal
Ru
Sif Muna
Trog
Uskayaw
Vehumet
Wu Jian
Xom
Yredelemnul
Zin
The Shining One
Jiyva

Shops:
D:11 *

Portals:
Trove: D:11 (give +2 storm dragon scales)


Innate Abilities, Weirdness & Mutations

You revert to your normal form in water.
You are very nimble and swift while swimming.
You are very stealthy in the water. (Stealth+)
You have very sharp teeth.
You are partially covered in molten scales. (AC +2)
You are partially covered in yellow scales. (AC +2)
You possess an exceptional clarity of mind.
Your flesh is cold resistant. (rC+)


Message History

The orc sorcerer hits you but does no damage.
The orc priest calls down the wrath of Beogh upon you.
Pain shoots through your body!
The red devil hits you from afar with a trident!
* * * LOW HITPOINT WARNING * * *
Your Executioner hits the orc sorcerer!
Your Executioner hits the orc sorcerer but does no damage.
Your Executioner hits the orc sorcerer. Your Executioner hits the orc sorcerer!
Your Executioner hits the orc sorcerer.
The orc sorcerer dies!
Makhleb accepts your kill.
The red devil disappears in a puff of smoke!
Your Executioner hits the orc!
The orc dies!
Makhleb accepts your kill.
The orc priest mumbles some strange prayers to Beogh against you.
Pain shoots through your body!
* * * LOW HITPOINT WARNING * * *
The ogre hits you with a giant spiked club!!
You die...

##...##.o ...
##.....#..
##...###..o...O..
##....##...o..o.
##.....#.......$
#..........ooo# # ##
#.#.......#O##.#...#
###........))@o..$.#
..#...........1.....##
......>[..........###
.............#.#.##
##............#...#
#.#...........#.##
............#.####
.......#.#.####
.#.#...#.####


You could see an orc sorcerer, an ogre, an orc priest, 3 orcs and a friendly
Executioner.

Vanquished Creatures
  Kirke (Lair:4)
  A frost giant (IceCv)
  A fire dragon (Lair:6)
  Erolcha (Orc:1)
  6 hydras
  4 death yaks
  A two-headed ogre (D:10)
  A queen ant (Lair:2)
  The ghost of octopodefightclub the Carver, a novice OpGl of Yredelemnul (D:7)
  2 lindwurms (Lair:6)
  Pikel (D:7)
  A lindwurm (shapeshifter) (D:13)
  A manticore (D:10)
  A cyclops (D:7)
  An elephant (Lair:5)
  2 molten gargoyles (Lair:6)
  4 black mambas
  A torpor snail (Lair:5)
  An ice statue (IceCv)
  10 komodo dragons
  13 spiny frogs
  4 rime drakes
  2 guardian mummies (D:11)
  15 polar bears
  2 trolls
  A hornet (D:10)
  Grinder (D:5)
  A meliai zombie (D:10)
  7 blink frogs
  A slime creature (Lair:6)
  A snapping turtle (Lair:3)
  5 hippogriffs
  A wraith (D:10)
  A spriggan (D:7)
  60 yaks
  6 wyverns
  9 basilisks
  A hog (Lair:4)
  3 hungry ghosts
  3 steam dragons
  2 insubstantial wisps (D:10)
  15 soldier ants (Lair:2)
  21 water moccasins
  3 hell hounds (Lair:6)
  10 porcupines
  11 orc warriors
  An eye of draining (D:10)
  9 sky beasts
  A black bear (Lair:5)
  An ice beast (D:10)
  A slave (D:7)
  3 phantoms
  8 ogres
  6 necrophages
  3 centaurs
  24 wolves
  13 crocodiles
  12 bullfrogs
  A big kobold (D:9)
  8 scorpions
  9 killer bees
  5 wights
  An electric eel (D:9)
  5 lava snakes (Lair:6)
  2 bullfrog zombies
  2 centaur zombies (D:8)
  2 howler monkeys (D:11)
  9 crimson imps
  A quasit (D:9)
  7 hounds
  2 gnoll shamans (D:4)
  7 orc priests
  4 centaur skeletons
  2 jellies
  17 orc wizards
  3 bullfrog skeletons
  2 iguanas
  Ijyb (D:3)
  7 hell rats (Lair:3)
  30 worker ants
  A killer bee zombie (D:10)
  A mummy (D:10)
  A howler monkey zombie (D:8)
  A worker ant zombie (D:10)
  A howler monkey skeleton (D:4)
  52 gnolls
  9 adders
  11 river rats (Lair:3)
  An ooze (D:6)
  3 adder zombies
  An adder skeleton (D:7)
  3 worms
  4 dart slugs
  3 leopard geckos
  53 orcs
  2 giant cockroaches
  3 goblins (D:2)
  6 hobgoblins
  27 jackals
  11 quokkas
  4 ball pythons
  A ball python skeleton (D:6)
  6 bats
  5 frilled lizards
  A jackal zombie (D:5)
  11 kobolds
  A leopard gecko skeleton (D:8)
  A quokka skeleton (D:5)
  18 rats
  A butterfly (D:7)
  2 plants (D:11)
695 creatures vanquished.

Vanquished Creatures (collateral kills)
  An orc sorcerer (Orc:1)
  An orc (Orc:1)
2 creatures vanquished.

Vanquished Creatures (others)
  A hippogriff (Lair:4)
  2 slaves (D:7)
  A human (Lair:4)
  Menkaure (D:7)
  A centaur (D:7)
  2 orc wizards (D:7)
  A worker ant (D:7)
  An orc (D:7)
  7 fungi
  A plant (Lair:4)
18 creatures vanquished.

Grand Total: 715 creatures vanquished

Notes
Turn   | Place    | Note
-------+----------+-------------------------------------------
     0 | D:1      | MatthieuS the Merfolk Gladiator began the quest for the Orb.
     0 | D:1      | Reached XP level 1. HP: 16/16 MP: 1/1
   250 | D:1      | Reached XP level 2. HP: 23/23 MP: 2/2
   910 | D:2      | Reached skill level 5 in Polearms
   910 | D:2      | Reached XP level 3. HP: 24/28 MP: 3/3
  1376 | D:3      | Reached XP level 4. HP: 21/35 MP: 4/4
  1553 | D:3      | Noticed Ijyb
  1560 | D:3      | Gained mutation: You passively map a small area around you. [potion of mutation]
  1560 | D:3      | Gained mutation: You have very sharp teeth. [potion of mutation]
  1560 | D:3      | Gained mutation: You are clumsy. (Dex -2) [potion of mutation]
  1605 | D:3      | Killed Ijyb
  1907 | D:3      | Noticed a bullfrog
  1929 | D:3      | Killed a bullfrog
  1929 | D:3      | Reached skill level 5 in Dodging
  1929 | D:3      | Reached XP level 5. HP: 3/42 MP: 5/5
  2389 | D:4      | Noticed an ogre
  2405 | D:4      | Killed an ogre
  2405 | D:4      | Reached XP level 6. HP: 47/48 MP: 6/6
  2502 | D:4      | Found a radiant altar of Vehumet.
  2505 | D:4      | Found a sparkling altar of Nemelex Xobeh.
  2508 | D:4      | Found a hide-covered altar of Uskayaw.
  2511 | D:4      | Found a white marble altar of Elyvilon.
  2706 | D:4      | Found an opulent altar of Gozag.
  2803 | D:4      | Reached skill level 6 in Dodging
  3134 | D:4      | Found a glowing golden altar of the Shining One.
  3240 | D:4      | Reached skill level 5 in Fighting
  3240 | D:4      | Reached XP level 7. HP: 14/56 MP: 7/7
  3543 | D:5      | Entered Level 5 of the Dungeon
  3581 | D:5      | Lost mutation: You are clumsy. (Dex -2) [potion of mutation]
  3581 | D:5      | Lost mutation: You passively map a small area around you. [potion of mutation]
  3581 | D:5      | Gained mutation: Your muscles are strong. (Str +2) [potion of mutation]
  3581 | D:5      | Gained mutation: Your spells are a little harder to cast, but a little more powerful. [potion of mutation]
  3581 | D:5      | Gained mutation: You are partially covered in yellow scales. (AC +2) [potion of mutation]
  3581 | D:5      | Gained mutation: Your spells are harder to cast, but more powerful. [potion of mutation]
  3632 | D:5      | Reached skill level 7 in Dodging
  3861 | D:5      | Gained mutation: You are agile. (Dex +2) [mutagenic meat]
  3862 | D:5      | Gained mutation: You have a pair of small antennae on your head. [mutagenic meat]
  3863 | D:5      | Lost mutation: Your spells are harder to cast, but more powerful. [mutagenic meat]
  3864 | D:5      | Gained mutation: Your muscles are very strong. (Str +4) [mutagenic meat]
  3977 | D:5      | Noticed Grinder
  3992 | D:5      | Killed Grinder
  3992 | D:5      | Reached XP level 8. HP: 64/64 MP: 8/8
  4055 | D:5      | Reached skill level 8 in Dodging
  4310 | D:5      | Found a glowing silver altar of Zin.
  5184 | D:6      | HP: 2/65 [orc warrior/hand axe (18)]
  5529 | D:6      | Reached skill level 9 in Dodging
  5887 | D:6      | Got a fine helmet
  5930 | D:6      | Lost mutation: You are agile. (Dex +2) [potion of mutation]
  5930 | D:6      | Lost mutation: Your spells are a little harder to cast, but a little more powerful. [potion of mutation]
  5930 | D:6      | Gained mutation: Your body sometimes deteriorates upon taking damage. [potion of mutation]
  5930 | D:6      | Gained mutation: You have a pair of antennae on your head. [potion of mutation]
  5945 | D:6      | Reached XP level 9. HP: 72/72 MP: 9/9
  6213 | D:6      | Reached skill level 10 in Polearms
  6375 | D:6      | Learned a level 3 spell: Confuse
  6381 | D:6      | Learned a level 5 spell: Metabolic Englaciation
  6494 | D:7      | Noticed Menkaure
  6549 | D:7      | Noticed Pikel
  6579 | D:7      | Killed Pikel
  6579 | D:7      | Reached skill level 10 in Dodging
  6662 | D:7      | Killed Menkaure
  6740 | D:7      | Got a translucent trident
  6741 | D:7      | Identified the +7 trident "Asmibrut" {antimagic, Int+4} (You found it on level 7 of the Dungeon)
  6926 | D:7      | Noticed octopodefightclub's ghost (novice OpGl)
  6935 | D:7      | Killed octopodefightclub's ghost
  6947 | D:7      | Noticed a cyclops
  7345 | D:7      | Found a staircase to the Ecumenical Temple.
  7360 | Temple   | Entered the Ecumenical Temple
  7462 | Temple   | Became a worshipper of Makhleb the Destroyer
  7675 | D:8      | Reached XP level 10. HP: 53/82 MP: 3/10
  7690 | D:8      | Reached skill level 11 in Dodging
  7812 | D:7      | Found a bloodstained altar of Trog.
  7869 | D:8      | Found a snail-covered altar of Cheibriados.
  8050 | D:8      | Reached * piety under Makhleb
  8224 | D:8      | Found a shimmering altar of Xom.
  8525 | D:9      | Found a staircase to the Orcish Mines.
  8630 | D:9      | Lost mutation: You have a pair of antennae on your head. [potion of mutation]
  8630 | D:9      | Lost mutation: Your body sometimes deteriorates upon taking damage. [potion of mutation]
  8630 | D:9      | Lost mutation: You have a pair of small antennae on your head. [potion of mutation]
  8630 | D:9      | Lost mutation: Your muscles are very strong. (Str +4) [potion of mutation]
  8630 | D:9      | Lost mutation: Your muscles are strong. (Str +2) [potion of mutation]
  8630 | D:9      | Gained mutation: Armour fits poorly on your strangely shaped body. [potion of mutation]
  8630 | D:9      | Gained mutation: You are resistant to hostile enchantments. (MR+) [potion of mutation]
  8636 | D:9      | Identified the cursed -3 helmet "Cuno Tody" {rElec Slay-5 SInv} (You found it on level 6 of the Dungeon)
  9432 | D:10     | Entered Level 10 of the Dungeon
  9536 | D:10     | You fall through a shaft for 3 floors!
  9575 | D:13     | Noticed a lindwurm
  9581 | D:13     | Killed a lindwurm
  9590 | D:13     | Reached skill level 12 in Dodging
  9609 | D:13     | Noticed a tengu warrior
  9625 | D:13     | Noticed a two-headed ogre
  9895 | D:13     | Reached skill level 10 in Fighting
 10054 | D:13     | Reached XP level 11. HP: 90/90 MP: 3/11
 10258 | D:10     | Reached skill level 15 in Polearms
 10272 | D:10     | Reached ** piety under Makhleb
 10370 | D:10     | Noticed a manticore
 10386 | D:10     | Killed a manticore
 10386 | D:10     | Reached skill level 1 in Hexes
 10652 | D:10     | Reached skill level 1 in Spellcasting
 11273 | D:10     | Lost mutation: You are resistant to hostile enchantments. (MR+) [mutagenic meat]
 11274 | D:10     | Gained mutation: You have a pair of small antennae on your head. [mutagenic meat]
 11275 | D:10     | Gained mutation: You occasionally shout uncontrollably at your foes. [mutagenic meat]
 11276 | D:10     | Gained mutation: You are weak. (Str -2) [mutagenic meat]
 11699 | D:11     | Noticed a two-headed ogre
 11722 | D:10     | Reached skill level 5 in Hexes
 11743 | D:10     | Killed a two-headed ogre
 11862 | D:10     | Reached *** piety under Makhleb
 11899 | D:11     | Found an opulent altar of Gozag.
 11899 | D:11     | Found Gozag's Platinum Reserve.
 11926 | D:11     | Found a staircase to the Lair.
 12038 | D:11     | Lost mutation: Armour fits poorly on your strangely shaped body. [potion of mutation]
 12038 | D:11     | Lost mutation: You have a pair of small antennae on your head. [potion of mutation]
 12038 | D:11     | Lost mutation: You are weak. (Str -2) [potion of mutation]
 12038 | D:11     | Gained mutation: You possess an exceptional clarity of mind. [potion of mutation]
 12038 | D:11     | Lost mutation: You occasionally shout uncontrollably at your foes. [potion of mutation]
 12038 | D:11     | Gained mutation: Your flesh is cold resistant. (rC+) [potion of mutation]
 12189 | D:11     | Reached XP level 12. HP: 42/100 MP: 5/17
 12218 | D:11     | Gained mutation: You are partially covered in molten scales. (AC +2) [mutagenic meat]
 12518 | D:11     | Found a portal to a secret trove of treasure.
 12743 | D:11     | Reached skill level 1 in Invocations
 12896 | D:11     | Reached skill level 1 in Ice Magic
 12937 | Lair:1   | Entered Level 1 of the Lair of Beasts
 13135 | Lair:1   | Reached skill level 1 in Shields
 13946 | Lair:2   | Found a hole to the Spider Nest.
 14036 | Lair:2   | Reached skill level 5 in Shields
 14086 | Lair:2   | Noticed a queen ant
 14142 | Lair:2   | Reached **** piety under Makhleb
 14181 | Lair:2   | Killed a queen ant
 14503 | Lair:2   | Noticed a four-headed hydra
 14520 | Lair:2   | Killed a four-headed hydra
 14520 | Lair:2   | Reached skill level 5 in Spellcasting
 14526 | Lair:2   | Reached skill level 13 in Dodging
 15095 | Lair:3   | Reached XP level 13. HP: 108/108 MP: 1/21
 15100 | Lair:3   | Found a frozen archway.
 15112 | Lair:3   | Reached ***** piety under Makhleb
 15145 | IceCv    | Entered an ice cave
 15679 | IceCv    | Reached skill level 14 in Dodging
 16058 | IceCv    | Noticed a frost giant
 16079 | IceCv    | Killed a frost giant
 16778 | IceCv    | Reached skill level 1 in Armour
 16971 | IceCv    | Got a fine eveningstar
 17005 | Lair:3   | Identified the +1 eveningstar "Eromomof" {crush, Str+4 Int+8 Dex-2} (You found it in an ice cave)
 17974 | Lair:3   | Found a staircase to the Shoals.
 18063 | Lair:4   | Reached ****** piety under Makhleb
 18118 | Lair:4   | Reached XP level 14. HP: 118/118 MP: 7/22
 18139 | Lair:4   | Noticed Kirke
 18160 | Lair:4   | Killed Kirke
 18343 | Lair:4   | Reached skill level 15 in Dodging
 19469 | Lair:6   | Entered Level 6 of the Lair of Beasts
 19695 | Lair:6   | Reached skill level 16 in Dodging
 20214 | Lair:6   | Found a staircase to the Slime Pits.
 20216 | Lair:6   | Found a viscous altar of Jiyva.
 20370 | Lair:6   | Reached skill level 17 in Dodging
 20371 | Lair:6   | Found a large runed door.
 20372 | Lair:6   | Found a large runed door.
 21423 | D:7      | Found a sacrificial altar of Ru.
 22469 | Orc:1    | Entered Level 1 of the Orcish Mines
 22504 | Orc:1    | Noticed Erolcha
 22518 | Orc:1    | Killed Erolcha
 22518 | Orc:1    | Reached XP level 15. HP: 127/127 MP: 1/23
 22871 | Orc:1    | Noticed an orc warlord
 22877 | Orc:1    | Paralysed by an orc sorcerer for 6 turns
 22888 | Orc:1    | Paralysed by an orc sorcerer for 7 turns
 22893 | Orc:1    | Slain by an ogre

Vault maps used:
D:1:      mainiacjoe_arrival_reflecting_pool
D:3:      minmay_crystal_water, uniq_ijyb
D:4:      lemuel_castle_with_subvaults, kennysheep_mini_moat,
          old_standard_altar, grunt_temple_overflow_cloverleaf, first_bread
D:5:      nicolae_overflow_hidden_temple, corexii_leaking_fountain,
          grunt_tough_drop, uniq_grinder
D:7:      lemuel_crystal_altar, minmay_temple_entry_butterflies, the_bakery,
          nicolae_ru_path_of_blood, uniq_pikel, uniq_menkaure
D:8:      kennysheep_mini, old_standard_altar
D:10:     serial_undead, serial_undead_f, serial_undead_c, serial_undead_d,
          serial_undead_f, hangedman_misty_isle
D:11:     minmay_lair_entry_grove, nicolae_trove_entry_path_of_doom,
          serial_bayou_lagoon_a, nicolae_gozag_zags_fifth_avenue
D:12:     minmay_goldmine, st_stairs_13, uniq_urug
Temple:   nicolae_temple_hex_pool
Lair:2:   dummy_spider_entry, zaba_anthell, lemuel_fruit_tree
Lair:3:   lemuel_ratsnest, minmay_shoals_entry_hut,
          portal_ice_cave_entry_pillars_1
Lair:4:   serial_bayou, serial_bayou_crossing, serial_bayou_pond_c,
          serial_bayou_pond_a, serial_bayou_ford_a, serial_bayou_shore_b,
          uniq_kirke
Lair:5:   st_stairs_7
Lair:6:   cheibrodos_lair_end_hotspot, slime_altar_1
Orc:1:    mines2_lemuel, uniq_erolcha
IceCv:    ice_cave_caverns_01

Skill      XL: |  1  2  3  4  5  6  7  8  9 10 11 12 13 14 |
---------------+-------------------------------------------+-----
Polearms       | 5 6 7 8 9 12 14 15 | 15.5
Fighting       | 3 4 5 6 7 8 10 11 12 13 14 | 14.6
Dodging        | 5 6 7 9 10 12 13 14 17 | 17.6
Hexes          | 6 8 |  8.0
Spellcasting   | 3 5 |  5.5
Invocations    | 2 |  2.5
Ice Magic      | 4 |  4.0
Shields        | 5 |  5.0
Armour         | 4 |  4.0
Throwing       | |  2.0

Action                   |  1- 3 |  4- 6 |  7- 9 | 10-12 | 13-15 || total
-------------------------+-------+-------+-------+-------+-------++-------
Melee: Trident           |   123 |    92 |    75 |  1049 |  1480 ||  2819
       Bite              |       |    16 |    30 |   123 |   217 ||   386
       Halberd           |       |    98 |   235 |       |       ||   333
       Dagger            |       |       |     5 |       |       ||     5
       Tailslap          |       |       |       |     3 |     8 ||    11
Throw: Throwing net      |       |     5 |     6 |       |     2 ||    13
       Javelin           |       |       |       |       |     2 ||     2
 Cast: Confuse           |       |       |       |    14 |    18 ||    32
Invok: Greater Servant o |       |       |       |       |     1 ||     1
Evoke: Wand              |       |     2 |     4 |     3 |     1 ||    10
  Use: Potion            |       |     4 |     7 |    13 |    10 ||    34
       Scroll            |       |     2 |    15 |     7 |     9 ||    33
 Stab: Sleeping          |     5 |       |     2 |     1 |     2 ||    10
       Confused          |       |     2 |     3 |     6 |     5 ||    16
       Distracted        |       |       |     1 |     2 |     4 ||     7
       Invisible         |       |       |       |    12 |       ||    12
       Held in net/web   |       |       |       |       |     1 ||     1
  Eat: Chunk             |     1 |     5 |    17 |    17 |    31 ||    71
       Fruit             |       |     1 |       |     3 |     4 ||     8
       Royal jelly       |       |       |     1 |     3 |       ||     4
       Meat ration       |       |       |       |     1 |       ||     1
Armor: Leather armour    |    17 |    34 |    36 |    46 |   146 ||   279
       Ring mail         |       |       |       |    71 |       ||    71
Dodge: Dodged            |    80 |   135 |   148 |   563 |   718 ||  1644
Block: Buckler           |       |       |       |    57 |   266 ||   323
